 Dungeon Sprint DCSS version 0.27.1-33-g824d729ab1 (webtiles) character file.

Game seed: 17427309775225311804

1474 Hipnos the Imperceptible (level 8, -5/63 HPs)
             Began as a Spriggan Brigand on Nov 26, 2021.
             Was a Follower of Trog.
             Slain by a centaur warrior (12 damage)
             ... in the Dungeon (Sprint I: "Red Sonja").
             The game lasted 00:03:01 (1107 turns).

Hipnos the Imperceptible (Spriggan Brigand)         Turns: 1107, Time: 00:03:03

Health: -5/63      AC:  3    Str:  7    XL:     8   Next: 49%
Magic:  9/9        EV: 18    Int: 13    God:    Trog [*.....]
Gold:   722        SH:  0    Dex: 18    Spells: 7/7 levels left

rFire    . . .     SeeInvis +   n - +1 short sword (venom)
rCold    . . .     Faith    .   (shield restricted)
rNeg     + . .     Spirit   .   b - +0 robe
rPois    .         Reflect  .   (helmet restricted)
rElec    .         Harm     .   c - +0 cloak
rCorr    .         Rampage  .   (gloves unavailable)
Will     +....     NoTele   +   (boots unavailable)
Stlth    ..........             (no amulet)
HPRegen  0.20/turn              m - ring of positive energy
MPRegen  0.11/turn              (no ring)

@: berserking, very quick
A: very small, no large weapons, unfitting armour, see invisible, speed 3
a: Renounce Religion, Berserk


You were in the Dungeon.
You worshipped Trog.
Trog was aware of your devotion.
You visited 1 branch You collected 722 gold pieces.

Inventory:

Hand Weapons
 a - a +2 dagger
 n - a +1 short sword of venom (weapon)
Missiles
 d - 13 poisoned darts
 e - 4 curare-tipped darts (quivered)
Armour
 b - a +0 robe (worn)
 c - a +0 cloak (worn)
Jewellery
 m - a ring of positive energy (left hand)
Scrolls
 k - a scroll of blinking
 l - 2 scrolls of identify {unknown}
Potions
 f - 3 potions of curing
 g - a potion of heal wounds
 h - a potion of haste
 i - 2 potions of magic
 j - a potion of berserk rage


   Skills:
 + Level 4.0 Fighting
 + Level 6.7 Short Blades
 + Level 4.5 Throwing
 + Level 2.8 Dodging
 * Level 23.2 Stealth


You had 7 spell levels left.
You didn't know any spells.
Your spell library was empty.

Dungeon Overview and Level Annotations

Branches:
Dungeon (1/1)

Altars:
Cheibriados
Dithmenos
Elyvilon
Fedhas
Gozag
Hepliaklqana
Kikubaaqudgha
Makhleb
Nemelex Xobeh
Okawaru
Qazlal
Ru
Sif Muna
Trog
Uskayaw
Vehumet
Wu Jian
Xom
Yredelemnul
Zin
The Shining One
Jiyva
Lugonu

Shops:
D *:[


Innate Abilities, Weirdness & Mutations

You are very small and have problems with some larger weapons.
You are too small for most types of armour.
You have supernaturally acute eyesight. (SInv)
You cover ground extremely quickly. (Speed+++)


Message History

Okay, then.
You open the door.
A centaur warrior comes into view.
The centaur warrior moves out of view.
There is an open door here.
You enter the shallow water.
Moving in this stuff is going to be slow.
A centaur warrior comes into view.
Found a scroll labelled APTUQO YRUUDD.
The centaur warrior shouts!
The centaur warrior wields a +0 longbow.
The centaur warrior shoots an arrow.
The arrow completely misses you.
The centaur warrior wields a +0 shortbow.
The centaur warrior shoots an arrow.
The arrow misses you.
Found a dagger.
A red film seems to cover your vision as you go berserk!
You feel yourself moving faster!
You feel mighty!
The centaur warrior shoots an arrow.
The arrow hits you!!
The centaur warrior unwields a +0 longbow.
The centaur warrior hits you! The centaur warrior kicks you.
The centaur warrior shoots an arrow.
The arrow barely misses you.
Your unstable footing causes you to fumble your attack.
The centaur warrior hits you!
* * * LOW HITPOINT WARNING * * *
The centaur warrior kicks you.
* * * LOW HITPOINT WARNING * * *
You puncture the centaur warrior!
The centaur warrior is poisoned.
The centaur warrior is lightly wounded.
You hit the centaur warrior.
The centaur warrior is lightly wounded.
The centaur warrior hits you but does no damage.
The centaur warrior completely misses you.
You puncture the centaur warrior!
The centaur warrior is poisoned.
The centaur warrior is moderately wounded.
The centaur warrior unwields a +0 shortbow.
The centaur warrior hits you!
* * * LOW HITPOINT WARNING * * *
The centaur warrior kicks you but does no damage.
The centaur warrior hits you!
You die...

#################
.#.)'..#..'..#__#
.'..#.)').#J.'..+
.#####'#####+#__## #
.####..#...#.####?§#
.#__####..##.#≈§§§§#
.#_____##'#_.+§§§c§+
⌠#_.∩...'..._#≈§@c§#
##_..__##_.#'##'####
#_____###'#[#[...###
##########.####'###)##
........'...'.....')∩#
#++++####...##########
###.### #.#'#.#
#.....#


You could see 2 centaur warriors.

Vanquished Creatures
  Sonja (D)
  A deep troll (D)
  Sigmund (D)
  A yak (D)
  An ogre (D)
  A jelly (D)
  Ijyb (D)
  A ballistomycete spore (D)
8 creatures vanquished.

Vanquished Creatures (others)
  A gargoyle (D)
  A ballistomycete spore (D)
2 creatures vanquished.

Grand Total: 10 creatures vanquished

Notes
Turn   | Place    | Note
-------+----------+-------------------------------------------
     0 | D        | Hipnos the Spriggan Brigand began the quest for the Orb.
     0 | D        | Reached XP level 1. HP: 10/10 MP: 2/2
     1 | D        | Noticed Ijyb
     4 | D        | Killed Ijyb
     5 | D        | Reached skill level 10 in Stealth
     5 | D        | Reached XP level 2. HP: 15/15 MP: 3/3
     6 | D        | Noticed an ogre
     9 | D        | Killed an ogre
    10 | D        | Reached skill level 13 in Stealth
    10 | D        | Reached XP level 3. HP: 18/18 MP: 4/4
    10 | D        | Reached XP level 4. HP: 23/23 MP: 5/5
    19 | D        | Noticed Sigmund
    30 | D        | Killed Sigmund
    31 | D        | Reached skill level 16 in Stealth
    31 | D        | Reached XP level 5. HP: 17/28 MP: 6/6
   155 | D        | Found an ornate altar of the Wu Jian Council.
   155 | D        | Found a shimmering blue altar of Sif Muna.
   157 | D        | Found a radiant altar of Vehumet.
   162 | D        | Reached skill level 17 in Stealth
   162 | D        | Reached XP level 6. HP: 32/32 MP: 7/7
   164 | D        | Found Gewnaoki's Book Emporium.
   164 | D        | Found an ancient bone altar of Kikubaaqudgha.
   164 | D        | Found a hazy altar of Hepliaklqana.
   164 | D        | Found a stormy altar of Qazlal.
   164 | D        | Found a hide-covered altar of Uskayaw.
   164 | D        | Found a blossoming altar of Fedhas.
   164 | D        | Found a bloodstained altar of Trog.
   164 | D        | Found an iron altar of Okawaru.
   164 | D        | Found a basalt altar of Yredelemnul.
   164 | D        | Found a glowing golden altar of the Shining One.
   164 | D        | Found a snail-covered altar of Cheibriados.
   164 | D        | Found a sacrificial altar of Ru.
   164 | D        | Found a glowing silver altar of Zin.
   164 | D        | Found a shadowy altar of Dithmenos.
   164 | D        | Found a white marble altar of Elyvilon.
   164 | D        | Noticed a yak
   165 | D        | Found an opulent altar of Gozag.
   166 | D        | Killed a yak
   167 | D        | Reached skill level 18 in Stealth
   167 | D        | Found a sparkling altar of Nemelex Xobeh.
   171 | D        | Became a worshipper of Trog the Wrathful
   230 | D        | Found a burning altar of Makhleb.
   230 | D        | Found a viscous altar of Jiyva.
   230 | D        | Found a shimmering altar of Xom.
   230 | D        | Found a corrupted altar of Lugonu.
   230 | D        | Noticed a slime creature
   482 | D        | Killed a gargoyle
   826 | D        | Noticed Sonja
   830 | D        | Killed Sonja
   831 | D        | Reached skill level 21 in Stealth
   831 | D        | Reached XP level 7. HP: 37/37 MP: 8/8
  1039 | D        | Found Qyefre's General Store.
  1059 | D        | Noticed a deep troll
  1063 | D        | Killed a deep troll
  1063 | D        | Reached * piety under Trog
  1064 | D        | Reached skill level 23 in Stealth
  1064 | D        | Reached XP level 8. HP: 42/42 MP: 9/9
  1073 | D        | Found Relup's Armour Emporium.
  1100 | D        | Noticed a centaur warrior
  1102 | D        | Noticed a centaur warrior
  1107 | D        | Slain by a centaur warrior

Illustrated notes

Levels and vault maps discovered:
D:        dungeon_sprint_1 [red_sonja_temple_1, red_sonja_temple_small_1]

Skill      XL: |  1  2  3  4  5  6  7 |
---------------+----------------------+-----
Stealth        | 10 13 16 17 21 23 | 23.2
Fighting       | 2 3 4 |  4.0
Short Blades   | 3 4 6 |  6.7
Throwing       | 3 4 |  4.5
Dodging        | 2 |  2.8

Action                   |  1- 3 |  4- 6 |  7- 9 || total
-------------------------+-------+-------+-------++-------
Melee: Dagger            |     2 |    20 |       ||    22
       Short sword       |       |       |     6 ||     6
Throw: Dart              |       |     2 |       ||     2
Invok: Berserk           |       |       |     1 ||     1
 Stab: Sleeping          |     2 |     3 |     2 ||     7
Armor: Robe              |       |       |     2 ||     2
Dodge: Dodged            |       |     5 |     4 ||     9
